 Dungeon Crawl Stone Soup version 0.29.1-15-g9cfb28693d (webtiles) character file.

Game seed: 9692635284870385762

21 Labrat the Digger (level 3, -11/25 (26) HPs)
             Began as a Meteoran Earth Elementalist on Aug 26, 2023.
             Mangled by Crazy Yiuf
             ... wielding a +3 quarterstaff of chaos
              (15 damage)
             ... on level 2 of the Dungeon.
             The game lasted 00:04:05 (389 turns).

Labrat the Digger (Meteoran Earth Elementalist)      Turns: 389, Time: 00:04:06

HP:   -11/25 (26)   AC:  2    Str:  9    XL:     3   Next: 17%
MP:   0/8           EV: 12    Int: 18    God:
Gold: 81            SH:  0    Dex: 15    Spells: 5/8 levels left

rFire   . . .      SeeInvis .   (no weapon)
rCold   . . .      Faith    .   (no shield)
rNeg    . . .      Spirit   .   a - +0 robe
rPois   .          Reflect  .   (no helmet)
rElec   .          Harm     .   (no cloak)
rCorr   .          Rampage  .   (no gloves)
Will    .....                   (no boots)
Stlth   +.........              (no amulet)
HPRegen 0.08/turn               (no ring)
MPRegen 0.11/turn               (no ring)

@: glowing, lightly drained
A: sense surroundings 1, otherworldly, glowing, explore regen
a: no special abilities


You were on level 2 of the Dungeon.
You visited 1 branch of the dungeon, and saw 2 of its levels.

You collected 81 gold pieces.

Inventory:

Armour
 a - a +0 robe (worn)
Scrolls
 d - 3 scrolls of teleportation {unknown}
 e - a scroll of identify {unknown}
Potions
 b - a potion of magic
 c - a potion of heal wounds {unknown}


   Skills:
 - Level 2.4 Dodging
 - Level 1.4 Stealth
 + Level 3.2 Spellcasting
 + Level 2.1 Transmutations
 + Level 4.0 Earth Magic


You had 5 spell levels left.
You knew the following spells:

 Your Spells              Type           Power      Damage    Failure   Level
a - Sandblast             Erth           34%        2d9       3%          1
b - Passwall              Tmut/Erth      11%        N/A       7%          2

Your spell library contained the following spells:

 Spells                   Type           Power      Damage    Failure   Level
 Stone Arrow              Conj/Erth      20%        3d8       21%         3
 Ensorcelled Hibernation  Hex/Ice        4%         N/A       24%         2
 Spider Form              Tmut/Pois      6%         N/A       30%         3
 Petrify                  Tmut/Erth      14%        N/A       41%         4
 Anguish                  Hex/Necr       1%         N/A       85%         4


Dungeon Overview and Level Annotations

Branches:
Dungeon (2/15) Zot: 798

Altars:

Annotations:
D:2 Crazy Yiuf


Innate Abilities, Weirdness & Mutations

You passively map a small area around you.
You are easily found by Zot.
You glow in the dark.
You regain HP and MP as you explore.


Message History

Aim: a quokka (75% to hit)
The blast of sand hits the quokka!
You kill the quokka!
Found a silvery potion.
Found a stone staircase leading down.
Found 3 scrolls labelled SURECH YMAMN.
Found a scroll labelled TASORU FUEWK.
Found 6 gold pieces.
c - a silvery potion
d - 3 scrolls labelled SURECH YMAMN
There is a stone staircase leading down here.
e - a scroll labelled TASORU FUEWK
Found a hammer.
Found a runed translucent door.
Crazy Yiuf shouts!
You open the door.
Casting: Sandblast (safe; 3% risk of failure)
Confirm with . or Enter, or press ? or * to list all spells.
Aiming: Sandblast (safe; 3% risk of failure)
Press: ? - help, Shift-Dir - straight line, f - Crazy Yiuf
Aim: Crazy Yiuf, wielding a +3 quarterstaff of chaos and wearing a +0 cloak (84% to hit)
The blast of sand hits Crazy Yiuf.
Crazy Yiuf is lightly wounded.
Crazy Yiuf hits you with a +3 quarterstaff of chaos.
You feel drained.
Casting: Sandblast (safe; 3% risk of failure)
Confirm with . or Enter, or press ? or * to list all spells.
You don't know that spell.
Casting: Sandblast (safe; 3% risk of failure)
Confirm with . or Enter, or press ? or * to list all spells.
Aiming: Sandblast (safe; 3% risk of failure)
Press: ? - help, Shift-Dir - straight line, f/p - Crazy Yiuf
Aim: Crazy Yiuf, wielding a +3 quarterstaff of chaos and wearing a +0 cloak (lightly wounded, 84% to hit)
The blast of sand hits Crazy Yiuf!
Crazy Yiuf is heavily wounded.
Crazy Yiuf hits you with a +3 quarterstaff of chaos!
You feel your power leaking away.
Crazy Yiuf hits you with a +3 quarterstaff of chaos!
* * * LOW HITPOINT WARNING * * *
You are electrocuted!
Ouch! That really hurt!
You die...

, , #......###. , * *
#........#.
######..... #.....
####..... *
♣♣♣♣♣##........ ###
♣♣♣.♣...#........
#...#♣..♣.............
#...g@♣♣♣♣..........#.
#)..#♣♣ ♣♣..#......##
###* ♣♣##......#
#.....$# #......#
#......# ########


You could see Crazy Yiuf.

Vanquished Creatures
  An adder (D:2)
  A giant cockroach (D:1)
  3 goblins (D:1)
  A hobgoblin (D:1)
  2 quokkas
  A bat (D:1)
  A frilled lizard (D:1)
  A rat (D:1)
11 creatures vanquished.

Notes
Turn   | Place    | Note
-------+----------+-------------------------------------------
     0 | D:1      | Labrat the Meteoran Earth Elementalist began the quest for
                  | the Orb.
     0 | D:1      | Reached XP level 1. HP: 14/14 MP: 5/5
   165 | D:1      | Reached XP level 2. HP: 6/20 MP: 0/6
   192 | D:1      | Learned a level 2 spell: Passwall
   303 | D:2      | Reached skill level 4 in Earth Magic
   303 | D:2      | Reached XP level 3. HP: 21/26 MP: 5/8
   383 | D:2      | Found a runed translucent door.
   384 | D:2      | Noticed Crazy Yiuf
   389 | D:2      | Mangled by Crazy Yiuf

Illustrated notes

Levels and vault maps discovered:
D:1:      dpeg_arrival_three_smaller_balls, layout_basic, grunt_decor_arrowhead
D:2:      layout_basic, dreamdust_ecumenical_altar_drowned_temple,
          uniq_crazy_yiuf_cottage

Skill      XL: |  1  2 |
---------------+-------+-----
Spellcasting   | 3 |  3.2
Transmutations | 2 |  2.1
Earth Magic    | 4 |  4.0
Dodging        | |  2.4
Stealth        | |  1.4

Action                   || total
-------------------------++-------
Melee: Unarmed           ||     5
 Cast: Sandblast         ||    24
Armor: Robe              ||     4
Dodge: Dodged            ||    16
